 Dungeon Crawl Stone Soup version 0.28.0-53-g5a82cb258f (webtiles) character file.

Game seed: 18267304680410003747

58 Sin92 the Skirmisher (level 3, -2/29 HPs)
             Began as a Demonspawn Fighter on July 4, 2022.
             Killed from afar by Natasha (10 damage)
             ... with a puff of flame
             ... on level 2 of the Dungeon.
             The game lasted 00:01:48 (1718 turns).

Sin92 the Skirmisher (Demonspawn Fighter)           Turns: 1718, Time: 00:01:48

Health: -2/29      AC:  6    Str: 18    XL:     3   Next: 76%
Magic:  3/3        EV:  9    Int:  9    God:
Gold:   88         SH:  4    Dex: 12    Spells: 2/2 levels left

rFire   . . .      SeeInvis .   a - +0 war axe
rCold   . . .      Faith    .   c - +0 buckler
rNeg    . . .      Spirit   .   b - +0 scale mail
rPois   .          Reflect  .   (no helmet)
rElec   .          Harm     .   (no cloak)
rCorr   .          Rampage  .   (no gloves)
Will    .....                   (no boots)
Stlth   ..........              (no amulet)
HPRegen 0.09/turn               (no ring)
MPRegen 0.08/turn               (no ring)

@: no status effects
A: hooves 2
a: no special abilities


You were on level 2 of the Dungeon.
You visited 1 branch of the dungeon, and saw 2 of its levels.

You collected 88 gold pieces.

Inventory:

Hand Weapons
 a - a +0 war axe (weapon)
Armour
 b - a +0 scale mail (worn)
 c - a +0 buckler (worn)
Scrolls
 e - a scroll of holy word {unknown}
 h - 2 scrolls of identify {unknown}
 l - a scroll of amnesia {unknown}
Potions
 d - a potion of might
 f - a potion of mutation {unknown}
 g - a potion of flight {unknown}
 i - a potion of curing {unknown}
 j - a potion of invisibility {unknown}
 k - 2 potions of cancellation {unknown}


   Skills:
 + Level 3.4 Fighting
 * Level 2.7 Axes
 + Level 3.1 Armour
 + Level 3.1 Shields


You had 2 spell levels left.
You didn't know any spells.
Your spell library contained the following spells:

 Spells                   Type           Power      Damage    Failure   Level
 Call Imp                 Summ           0%         N/A       94%         2
 Spider Form              Tmut/Pois      0%         N/A       99%         3
 Malign Gateway           Summ/Tloc      0%         N/A       100%        7
 Summon Horrible Things   Summ           0%         N/A       100%        8


Dungeon Overview and Level Annotations

Branches:
Dungeon (2/15)

Altars:
Jiyva

Annotations:
D:2 Natasha


Innate Abilities, Weirdness & Mutations

You have hoof-like feet.


Message History

A ball python is nearby!
A ball python is nearby!
A ball python is nearby!
You slash the ball python!
You kill the ball python!
No target in view!
You see here a ball python corpse.
You now have 88 gold pieces (gained 15).
Key pressed, stopping explore.
No target in view!
Found a club.
No target in view!
You see here a +0 club.
Natasha, Servant of Life and Death comes into view.
She is carrying a wand of flame (10).
Natasha zaps a wand.
The puff of flame hits you.
Natasha is nearby!
Found a stone staircase leading up.
You block Natasha's attack.
Natasha is nearby!
You completely miss Natasha. You kick Natasha.
Natasha is lightly wounded.
Natasha claws you but does no damage.
Natasha is nearby!
You slash Natasha!
Natasha is severely wounded.
Natasha zaps a wand.
The puff of flame hits you! Natasha claws you.
* * * LOW HITPOINT WARNING * * *
Natasha is nearby!
You are too injured to fight recklessly!
Natasha is nearby!
You are too injured to fight recklessly!
Natasha is nearby!
You are too injured to fight recklessly!
Unknown command.
You barely miss Natasha.
Natasha is severely wounded.
Natasha claws you but does no damage.
You closely miss Natasha. Your kick misses Natasha.
Natasha is severely wounded.
Natasha zaps a wand.
The puff of flame hits you!
You die...

###...#####
#........ ###.#
########. ###...#
#. ###....## ##
#.###......#
#........#########
######.####......#
#......##.###
######@# #h# #.#
..# ... .### < #.


You could see Natasha.

Vanquished Creatures
  A gnoll (D:1)
  An adder (D:2)
  A worm (D:2)
  5 ball pythons
  2 bats
  2 endoplasms
  2 giant cockroaches (D:1)
  4 hobgoblins
  3 jackals (D:2)
  3 quokkas
  A frilled lizard (D:1)
  3 goblins
  5 kobolds
  3 rats (D:1)
36 creatures vanquished.

Notes
Turn   | Place    | Note
-------+----------+-------------------------------------------
     0 | D:1      | Sin92 the Demonspawn Fighter began the quest for the Orb.
     0 | D:1      | Reached XP level 1. HP: 18/18 MP: 1/1
   194 | D:1      | Gained mutation: You have large cloven feet. [demonic
                  | ancestry]
   194 | D:1      | Reached XP level 2. HP: 23/24 MP: 2/2
   619 | D:1      | Gained mutation: You have hoof-like feet. [demonic
                  | ancestry]
   619 | D:1      | Reached XP level 3. HP: 25/29 MP: 3/3
   982 | D:1      | Got the Papyrus of Noxious Companions
  1316 | D:2      | Found a faded altar of an unknown god.
  1345 | D:2      | Prayed at the altar of an unknown god.
  1345 | D:2      | Became a worshipper of Jiyva Jeshroy the Shapeless
  1345 | D:2      | Reached * piety under Jiyva
  1363 | D:2      | Fell from the grace of Jiyva
  1712 | D:2      | Noticed Natasha
  1718 | D:2      | Killed from afar by Natasha

Illustrated notes

Levels and vault maps discovered:
D:1:      lemuel_arrival_river_bridge, layout_basic, nrook_uturn,
          minmay_strange_pillars
D:2:      layout_basic, chequers_ecumenical_altar_simple, minmay_unequal,
          uniq_natasha

Skill      XL: |  1  2  3 |
---------------+----------+-----
Axes           | 2 |  2.7
Armour         | 3 |  3.1
Shields        | 3 |  3.1
Fighting       | |  3.4

Action                   || total
-------------------------++-------
Melee: War axe           ||    87
       Kick              ||    12
Invok: Renounce Religion ||     1
Armor: Scale mail        ||    39
Dodge: Dodged            ||    43
Block: Buckler           ||    18
